 Dungeon Crawl Stone Soup version 0.31-a0-214-gb37851dbb3 (webtiles) character file.

Game seed: 8422204714942573250

1192323 olmar the Armataur Barricade (level 27, -5/264 HPs)
             Began as an Armataur Fighter on July 1, 2023.
             Was an Initiate of Gozag.
             Slain by Cerebov
             ... wielding the +6 sword of Cerebov {flame}
              (35 damage)
             ... in Pandemonium on July 2, 2023.
             The game lasted 03:51:17 (131149 turns).

olmar the Armataur Barricade (Armataur Fighter)   Turns: 131149, Time: 03:51:17

Health: -5/264     AC: 56    Str: 37 (38) XL:     27
Magic:  22/22      EV:  8    Int: 15      God:    Gozag
Gold:   11895      SH: 32    Dex: 10      Spells: 29/29 levels left

rFire   + + .        k - +13 sceptre of Asmodeus
rCold   + + .        b - +8 tower shield of Trial and Error {rPois rF+ Stlth+}
rNeg    + . .        h - +11 gold dragon scales
rPois   +            (helmet restricted)
rElec   +            W - +1 cloak {rCorr}
rCorr   +            Z - +3 Mad Mage's Maulers {Infuse+∞ VampMP -Cast}
SInv    +            a - +0 barding "Ulejatud" {Str-2 Dex+4 SInv}
Will    +++++        Y - amulet of the Four Winds {rN+ Will+++ Clar}
Stlth   ++++         c - +7 ring of slaying
HPRegen 0.64/turn    n - ring of Koureiname {rElec rC+ Str+3 Int+6 Stlth+}
MPRegen 0.18/turn

%: no spellcasting, clarity, roll, infuse magic (22 MP)
@: mighty, brilliant, fire vulnerable, hasted, studying 2 skills, unable to
read, very quick
A: large, rugged brown scales 3, deformed body, armoured tail, roll, long
tongue, awkward tongue, beak, claws 1, talons 1, iridescent scales 2, clumsy 1,
deterioration 1, dopey 1, fire resistance 1, frail 1, low MP 1, screaming 1,
strong 1, inability to read after injury 1
}: 12/15 runes: serpentine, barnacled, slimy, silver, iron, obsidian, icy, bone,
abyssal, glowing, magical, dark
a: Renounce Religion, Potion Petition, Call Merchant, Bribe Branch


You were in Pandemonium.
You worshipped Gozag.
Gozag was extremely pleased with you.
You visited 16 branches of the dungeon, and saw 82 of its levels.
You visited Pandemonium 1 time, and saw 15 of its levels.
You visited the Abyss 2 times.
You also visited: Bailey and Volcano.

You collected 46243 gold pieces.
You spent 12124 gold pieces at shops.
You paid 22224 gold pieces to Gozag.

Inventory:

Hand Weapons
 k - the +13 sceptre of Asmodeus (weapon)
   (You took it off Asmodeus on level 7 of Gehenna)

   Fire Summon: It may summon demons of flame and damnation when striking foes.
Missiles
 x - 5 throwing nets (quivered)
 P - 8 curare-tipped darts
Armour
 a - the +0 barding "Ulejatud" (worn) {Str-2 Dex+4 SInv}
   (You acquired it on level 7 of the Dungeon)

   Str:       It affects your strength (-2).
   Dex:       It affects your dexterity (+4).
   SInv:      It lets you see invisible.
 b - the +8 tower shield of Trial and Error (worn) {rPois rF+ Stlth+}
   (You acquired it on level 3 of the Vaults)

   rF:        It protects you from fire.
   rPois:     It protects you from poison.
   Stlth:     It makes you more stealthy.
 d - a +1 helmet of intelligence
 e - the +3 warlock's mirror {omnireflect}
   (You bought it in a shop on level 3 of the Snake Pit)

   Omnireflect: It can block and reflect piercing ranged attacks and magical
   attacks against the wielder's willpower.
 h - +11 gold dragon scales (worn)
 t - the +0 cloak "Enoivefe" {-Cast rF+++ Regen+ Str-4}
   (You bought it in a shop on level 3 of the Depths)

   Str:       It affects your strength (-4).
   rF:        It renders you almost immune to fire.
   -Cast:     It prevents spellcasting.
   Regen:     It increases your rate of health regeneration.
 W - a +1 cloak of preservation (worn)
 Z - the +3 Mad Mage's Maulers (worn) {Infuse+∞ VampMP -Cast}
   (You bought it in a shop on level 2 of the Orcish Mines)

   Infuse+∞: It empowers its wearer's blows with all of their magic.
   VampMP:    Blows struck in melee replenish the wearer's magic.
   -Cast:     It prevents spellcasting.
Jewellery
 c - a +7 ring of slaying (left hand)
 n - the ring of Koureiname (right hand) {rElec rC+ Str+3 Int+6 Stlth+}
   (You took it off a deep elf blademaster on level 3 of the Elven Halls)

   [ring of intelligence]

   Str:       It affects your strength (+3).
   Int:       It affects your intelligence (+6).
   rC:        It protects you from cold.
   rElec:     It insulates you from electricity.
   Stlth:     It makes you more stealthy.
 r - the ring of Zod Voas {rF+ rC+ Str+3}
   (You bought it in a shop on level 3 of the Elven Halls)

   [ring of protection from cold]

   Str:       It affects your strength (+3).
   rF:        It protects you from fire.
   rC:        It protects you from cold.
 y - the amulet "Pugh" {Spirit +Inv rN++ Will- Stlth+}
   (You took it off a hell knight on level 5 of the Vaults)

   [amulet of guardian spirit]

   It causes incoming damage to be divided between your reserves of health and
   magic.
   rN:        It greatly protects you from negative energy.
   +Inv:      It lets you turn invisible.
   Will:      It decreases your willpower.
   Stlth:     It makes you more stealthy.
 C - the ring "Botymoc" {Contam rPois rC+ Will+}
   (You found it on level 7 of Gehenna)

   [ring of poison resistance]

   rC:        It protects you from cold.
   rPois:     It protects you from poison.
   Contam:    It causes magical contamination when unequipped.
   Will:      It increases your willpower.
 G - a ring of resist corrosion
 N - a ring of positive energy
 Q - the amulet "Geoman" {RegenMP rC+ Will+ Dex-5}
   (You found it on level 1 of the Snake Pit)

   [amulet of magic regeneration]

   It increases your rate of magic regeneration.
   Dex:       It affects your dexterity (-5).
   rC:        It protects you from cold.
   Will:      It increases your willpower.
 T - the ring of Oletapua {rF+ rCorr MP+9}
   (You found it in Pandemonium)

   [ring of magical power]

   rF:        It protects you from fire.
   MP:        It affects your magic capacity (+9).
   rCorr:     It protects you from acid and corrosion.
 Y - the amulet of the Four Winds (around neck) {rN+ Will+++ Clar}
   (You found it on level 5 of the Pits of Slime)

   [amulet of nothing]

   rN:        It protects you from negative energy.
   Clar:      It protects you from confusion, rage, mesmerisation and fear.
   Will:      It greatly increases your willpower.
Wands
 g - a wand of paralysis (62)
 v - a wand of roots (55)
 B - a wand of digging (28)
 F - a wand of acid (10)
 H - a wand of polymorph (9)
 R - a wand of flame (5)
 V - a wand of mindburst (8)
Scrolls
 i - 6 scrolls of poison
 j - 7 scrolls of fog
 m - 2 scrolls of enchant weapon
 p - 4 scrolls of revelation
 s - 4 scrolls of teleportation
 u - 2 scrolls of blinking
 w - 10 scrolls of fear
 J - 2 scrolls of summoning
 X - 5 scrolls of silence
Potions
 f - 13 potions of lignification
 l - 2 potions of resistance
 q - 2 potions of might
 A - a potion of invisibility
 E - 2 potions of magic
 I - 2 potions of berserk rage
 K - 7 potions of attraction
 L - 11 potions of curing
 M - 13 potions of enlightenment
 O - 7 potions of mutation
 S - 6 potions of cancellation
 U - 4 potions of heal wounds
Miscellaneous
 o - a lightning rod (4/4)
 z - a phantom mirror
 D - the horn of Geryon


   Skills:
 O Level 27 Fighting
 + Level 2.7(3.0) Short Blades
 + Level 1.7(2.5) Long Blades
 + Level 1.5(16.7) Axes
 O Level 27 Maces & Flails
 + Level 1.5(2.2) Polearms
 + Level 1.7(18.1) Staves
 + Level 1.5 Ranged Weapons
 O Level 27 Armour
 * Level 11.4 Dodging
 O Level 27 Stealth
 O Level 27 Shields
 + Level 1.9 Unarmed Combat
 + Level 1.5 Spellcasting
 + Level 1.8 Conjurations
 + Level 2.4 Hexes
 + Level 1.8 Summonings
 + Level 1.6 Necromancy
 + Level 1.9 Translocations
 + Level 2.1 Transmutations
 + Level 1.8 Fire Magic
 + Level 2.0 Ice Magic
 + Level 1.9 Air Magic
 + Level 2.0 Earth Magic
 + Level 2.2 Poison Magic
 + Level 3.0 Invocations
 O Level 27 Evocations


You had 29 spell levels left.
You didn't know any spells.
Your spell library contained the following spells:

 Spells                   Type           Power      Damage    Failure   Level
 Slow                     Hex            48%        N/A       34%         1
 Beastly Appendage        Tmut           22%        N/A       36%         1
 Freeze                   Ice            44%        1d6       36%         1
 Sting                    Tmut/Pois      44%        1d5       36%         1
 Apportation              Tloc           20%        N/A       38%         1
 Shock                    Conj/Air       40%        1d5       38%         1
 Foxfire                  Conj/Fire      36%        2x1d5     41%         1
 Kiss of Death            Conj/Necr      36%        2d8       41%         1
 Magic Dart               Conj           36%        1d4       41%         1
 Summon Small Mammal      Summ           40%        N/A       41%         1
 Necrotise                Necr           36%        1d5       43%         1
 Ensorcelled Hibernation  Hex/Ice        22%        N/A       50%         2
 Wereblood                Tmut           11%        N/A       50%         2
 Passwall                 Tmut/Erth      9%         N/A       52%         2
 Poisonous Vapours        Pois/Air       22%        N/A       52%         2
 Blink                    Tloc           20%        N/A       54%         2
 Call Imp                 Summ           20%        N/A       54%         2
 Cigotuvi's Dreadful Rot  Necr/Pois/Air  20%        N/A       54%         2
 Lesser Beckoning         Tloc           20%        N/A       54%         2
 Momentum Strike          Conj/Tloc      20%        3d8       54%         2
 Scorch                   Fire           20%        2d5       54%         2
 Searing Ray              Conj           18%        2d5       54%         2
 Static Discharge         Conj/Air       20%        2-3/arc   54%         2
 Sublimation of Blood     Necr           9%         N/A       56%         2
 Confusing Touch          Hex            12%        N/A       71%         3
 Tukima's Dance           Hex            12%        N/A       71%         3
 Spider Form              Tmut/Pois      11%        N/A       73%         3
 Frozen Ramparts          Ice            22%        1d4       75%         3
 Ignite Poison            Fire/Tmut/Pois 11%        N/A       75%         3
 Inner Flame              Hex/Fire       11%        N/A       75%         3
 Ozocubu's Armour         Ice            11%        N/A       75%         3
 Portal Projectile        Hex/Tloc       22%        N/A       75%         3
 Summon Guardian Golem    Hex/Summ       11%        N/A       75%         3
 Gell's Gravitas          Tloc           10%        N/A       77%         3
 Hailstorm                Conj/Ice       10%        3d5       77%         3
 Mephitic Cloud           Conj/Pois/Air  10%        N/A       77%         3
 Stone Arrow              Conj/Erth      20%        3d8       77%         3
 Swiftness                Air            10%        N/A       77%         3
 Teleport Other           Tloc           10%        N/A       77%         3
 Vhi's Electric Charge    Tloc/Air       20%        N/A       77%         3
 Volatile Blastmotes      Fire/Tloc      20%        2d11      77%         3
 Call Canine Familiar     Summ           10%        N/A       78%         3
 Vampiric Draining        Necr           9%         2d6       80%         3
 Cause Fear               Hex            6%         N/A       98%         4
 Fulminant Prism          Conj/Hex       5%         3d6       98%         4
 Leda's Liquefaction      Hex/Erth       5%         N/A       98%         4
 Olgreb's Toxic Radiance  Pois           11%        N/A       98%         4
 Airstrike                Air            5%         2d(1-17)  99%         4
 Anguish                  Hex/Necr       5%         N/A       99%         4
 Animate Armour           Summ/Erth      20%        N/A       99%         4
 Dispel Undead            Necr           9%         3d8       99%         4
 Flame Wave               Conj/Fire      9%         2d6       99%         4
 Iskenderun's Mystic Bla  Conj/Tloc      10%        2d4       99%         4
 Manifold Assault         Tloc           10%        N/A       99%         4
 Passage of Golubria      Tloc           10%        N/A       99%         4
 Sticky Flame             Conj/Fire      9%         2d3       99%         4
 Summon Ice Beast         Ice/Summ       10%        N/A       99%         4
 Summon Lightning Spire   Summ/Air       10%        N/A       99%         4
 Agony                    Necr           9%         N/A       100%        5
 Alistair's Intoxication  Tmut/Pois      7%         N/A       100%        5
 Arcjolt                  Conj/Air       5%         1d15      100%        5
 Blade Hands              Tmut           5%         N/A       100%        5
 Borgnjor's Vile Clutch   Necr/Erth      4%         N/A       100%        5
 Fireball                 Conj/Fire      4%         3d4       100%        5
 Freezing Cloud           Conj/Ice/Air   5%         6-21      100%        5
 Iskenderun's Battlesphe  Conj           9%         2d6       100%        5
 Lee's Rapid Deconstruct  Erth           5%         3d6*      100%        5
 Metabolic Englaciation   Hex/Ice        5%         N/A       100%        5
 Silence                  Hex/Air        5%         N/A       100%        5
 Summon Forest            Summ/Tloc      5%         N/A       100%        5
 Summon Mana Viper        Hex/Summ       11%        N/A       100%        5
 Yara's Violent Unravell  Hex/Tmut       6%         3d5       100%        5
 Conjure Ball Lightning   Conj/Air       5%         3x3d6     100%        6
 Death Channel            Necr           4%         N/A       100%        6
 Dispersal                Tloc           5%         N/A       100%        6
 Eringya's Noxious Bog    Tmut/Pois      5%         N/A       100%        6
 Leda's Unmaking          Conj/Erth      5%         9d2       100%        6
 Plasma Beam              Fire/Air       5%         2x1d15    100%        6
 Starburst                Conj/Fire      4%         6d4       100%        6
 Statue Form              Tmut/Erth      7%         N/A       100%        6
 Summon Cactus Giant      Summ           5%         N/A       100%        6
 Dragon Form              Tmut           5%         N/A       100%        7
 Enfeeble                 Hex            6%         N/A       100%        7
 Haunt                    Necr/Summ      4%         N/A       100%        7
 Monstrous Menagerie      Summ           5%         N/A       100%        7
 Orb of Destruction       Conj           4%         9d5       100%        7
 Ozocubu's Refrigeration  Ice            5%         4d8       100%        7
 Spellforged Servitor     Conj/Summ      5%         N/A       100%        7
 Storm Form               Tmut/Air       5%         N/A       100%        7
 Summon Hydra             Summ           5%         N/A       100%        7
 Discord                  Hex            6%         N/A       100%        8
 Ignition                 Fire           5%         3d4       100%        8
 Lehudib's Crystal Spear  Conj/Erth      5%         10d3      100%        8
 Maxwell's Capacitive Co  Air            5%         ∞         100%        8
 Necromutation            Tmut/Necr      5%         N/A       100%        8
 Dragon's Call            Summ           5%         N/A       100%        9
 Animate Dead             Necr           Unusable   N/A       N/A         4
 Simulacrum               Ice/Necr       Unusable   N/A       N/A         6

Dungeon Overview and Level Annotations

Branches:
Dungeon (15/15)            Temple (1/1) D:4            Lair (5/5) D:8
 Shoals (4/4) Lair:2        Snake (4/4) Lair:3        Slime (5/5) Lair:4
    Orc (2/2) D:9             Elf (3/3) Orc:2        Vaults (5/5) D:13
  Crypt (0/3) Vaults:2     Depths (4/4) D:15           Hell (visited)
    Dis (7/7) Hell            Geh (7/7) Hell            Coc (7/7) Hell
    Tar (7/7) Hell            Zot (5/5) Depths:4     Bailey (visited)
Volcano (visited)

Altars:
Ashenzari
Cheibriados
Dithmenos
Elyvilon
Fedhas
Gozag
Hepliaklqana
Kikubaaqudgha
Makhleb
Nemelex Xobeh
Okawaru
Qazlal
Ru
Sif Muna
Trog
Uskayaw
Vehumet
Wu Jian
Xom
Yredelemnul
Zin
The Shining One
Jiyva

Shops:
D:7 =:   D:8 =?==   D:10 *!   D:12 :(([   Orc:2 [*[?   Elf:1 *   Elf:2 *
Elf:3 =   Lair:2 [[   Snake:1 ?   Snake:3 (*![*:*[   Vaults:1 ?!*   Vaults:2 (
Vaults:3 ?   Vaults:4 (   Depths:3 ***[(

Portals:
Hell: Depths:1 Depths:3 Depths:4
Abyss: Depths:3
Pandemonium: Depths:2
Ziggurat: Depths:2

Annotations:
D:10 exclusion: obsidian statue
Elf:2 3 runed translucent doors
Depths:1 6 transporters
Pan Cerebov


Innate Abilities, Weirdness & Mutations

You are completely covered in rugged brown scales. (AC +3, +7% HP)
Armour fits poorly on your strangely shaped body.
You have a long armoured tail.
You roll when moving toward enemies. (Rampage)
Your long tongue fully drains potion bottles. (2x potion effects)
Your tongue gives you trouble enunciating. (1.5x scroll delay)
You have a beak for a mouth.
You have sharp fingernails.
You have sharp toenails.
You are mostly covered in iridescent scales. (AC +4)
You are clumsy. (Dex -2)
Your body sometimes deteriorates upon taking damage.
You are dopey. (Int -2)
Your flesh is heat resistant. (rF+)
You are frail. (-10% HP)
Your magical capacity is low. (-10% MP)
You occasionally shout uncontrollably at your foes.
Your muscles are strong. (Str +4, Int/Dex -1)
You occasionally lose the ability to read scrolls when taking damage.


Message History

Something smites you!
* * * LOW HITPOINT WARNING * * *
Unknown command.
Unknown command. [a] - 125 gold - heal wounds [b] - 432 gold - invisibility, might and brilliance [c] - 273 gold - heal wounds and magic Purchase which effect?
You feel much better. Magic courses through your body.
You are covered in liquid flames!
* * * LOW HITPOINT WARNING * * *
You are no longer on fire.
You feel sick. You block the sun demon's attack. You block the balrug's attack.
The balrug hits you but does no damage. Cerebov hits you but does no damage.
You block the efreet's attack.
The balrug hits you with a +0 demon whip.
* * * LOW HITPOINT WARNING * * *
You are engulfed in flames.
You resist.
* * * LOW HITPOINT WARNING * * *
The balrug hits you but does no damage.
The sun demon hits you but does no damage.
The balrug hits you with a +1 demon whip of flaming.
* * * LOW HITPOINT WARNING * * *
You are engulfed in flames.
You resist.
* * * LOW HITPOINT WARNING * * *
The balrug hits you with a +0 demon whip of venom!
* * * LOW HITPOINT WARNING * * *
You are engulfed in flames.
You resist.
* * * LOW HITPOINT WARNING * * *
Unknown command.
You cannot read scrolls in your current state! [a] - 200 gold - haste [b] - 750 gold - heal wounds, curing, berserk rage, brilliance and magic [c] - 725 gold - curing, magic, haste and brilliance Purchase which effect?
You feel better. Magic courses through your body.
You feel yourself speed up.
You feel clever all of a sudden.
Cerebov hits you with the +6 sword of Cerebov {flame}!!
You die...
Your body crumbles into a pile of gold.

,,,+,,~~*,*..#....≈≈≈≈≈........'.
,,,*,,~~**,#.#....≈≈≈≈$.....)..'.
$,$*,,,~~###......≈≈≈≈...#.#.#)#.
****,,,,~≈≈≈.....≈≈≈≈..........#≈
,,**,*,,,≈≈≈≈...≈≈≈≈...#.########
,,**,,,,,≈≈≈≈...≈≈≈≈.....########
,,**,*,,,.≈≈≈≈.≈≈≈≈....#.##......
,,**,,,,,..≈≈≈.23≈.......##......
,,**,**,,.....2&@2....##.##.....≈
,,**,,**,....[.2R2...##..##....≈≈
,,***,,*,#.#.^...#.#.#,.###....≈≈
****+*,,,........).....*+*###..≈≈
*$$$*****#####'#########*$$$#...≈
*$,$********$|[,$********$,$#....
*,$$*,$,,,,*.:=,$*,,,,,,*$$,#....
*****,,,,,,#(=",$*,,,,,,*****,...
,,,,,,,,,,,*******,,,,,,,,,,,,,,,


You could see Cerebov (fast), 5 balrugs, a sun demon and an efreet.

Vanquished Creatures
  Asmodeus (Geh:7)
  Antaeus (Coc:7)
  the Royal Jelly (Slime:5)
  Ereshkigal (Tar:7)
  Gloorx Vloq (Pan)
  Lom Lobon (Pan)
  the Serpent of Hell (Coc:7)
  Mnoleg (Pan)
  8 dread liches
  7 ancient liches
  Mara (Vaults:3)
  6 orbs of fire
  Dispater (Dis:7)
  3 juggernauts (Dis:7)
  8 pandemonium lords (Pan)
  27 shard shrikes
  4 Killer Klowns
  Margery (Vaults:5)
  25 caustic shrikes
  Vashnia (Snake:3)
  Saint Roka (Vaults:5)
  Geryon (Hell)
  2 curse toes
  11 golden dragons
  Nikola (Depths:1)
  19 profane servitors
  4 bone dragons
  16 Tzitzimimeh
  10 iron giants
  10 Brimstone Fiends
  2 electric golems (Zot:5)
  5 doom hounds
  A spectral shard shrike (Tar:1)
  Jorgrun (D:12)
  24 tentacled monstrosities
  7 hellephants
  26 Hell Sentinels
  Zenata (Vaults:4)
  25 Orb Guardians (Zot:5)
  26 searing wretches
  5 liches
  25 tainted leviathans
  24 Ice Fiends
  Asterion (Snake:4)
  22 titans
  A deep elf blademaster (Elf:3)
  21 Executioners (Pan)
  8 death cobs
  10 quicksilver dragons
  2 deep elf master archers (Elf:3)
  A kraken (Shoals:4)
  19 acid blobs
  34 ancient champions
  5 tentacled starspawn
  Frances (Elf:1)
  7 sphinxes
  Gastronok (D:12)
  Donald (Shoals:4)
  5 tengu reavers
  8 demonspawn warmongers (Pan)
  5 nagarajas (Snake:4)
  31 fire giants
  19 shadow dragons
  Kirke (D:15)
  18 narguns
  4 draconian knights
  4 draconian monks
  9 azure jellies
  9 storm dragons
  4 deep elf sorcerers
  10 rockslimes
  23 frost giants
  15 quicksilver elementals
  14 vault wardens
  7 draconian shifters
  4 iron dragons
  39 balrugs
  A ghost moth (Zot:3)
  12 draconian scorchers
  2 spectral caustic shrikes
  6 draconian stormcallers
  2 curse skulls (Pan)
  3 spriggan defenders (Depths:4)
  A spectral juggernaut (Tar:5)
  6 shard shrike simulacra
  3 deep elf elementalists (Elf:3)
  22 cacodemons (Pan)
  2 draconian annihilators (Pan)
  5 demonspawn corrupters (Pan)
  28 reapers
  2 angels (Pan)
  17 ironbound preservers
  10 quicksilver oozes
  4 formless jellyfish
  24 war gargoyles
  6 ironbound thunderhulks
  Nessos (Lair:5)
  10 stone giants
  5 demonspawn blood saints (Pan)
  20 black draconians
  6 lorocyprocas (Pan)
  38 very ugly things
  6 demonspawn black suns (Pan)
  10 green draconians
  24 elemental wellsprings
  8 deep elf demonologists
  25 putrid mouths
  9 white draconians
  4 vampire knights
  8 dire elephants
  A spectral titan (Tar:3)
  20 wendigos
  8 deep elf annihilators
  8 purple draconians
  12 red draconians
  17 yellow draconians
  Snorg (Orc:1)
  4 deep elf death magi
  21 iron golems
  A fire dragon (shapeshifter) (Vaults:4)
  2 spectral krakens (Tar:7)
  A spectral quicksilver dragon (Tar:4)
  3 crystal guardians
  9 blizzard demons
  10 green deaths (Pan)
  2 eidola
  2 entropy weavers
  18 yaktaur captains
  12 ettins
  4 merfolk javelineers (Shoals:4)
  10 fire dragons
  4 deep elf high priests
  12 merfolk impalers
  5 ice dragons
  3 spectral spriggans
  35 vault guards
  10 great orbs of eyes
  14 salamander tyrants
  2 spriggan air magi (Depths:3)
  3 hydras
  10 caustic shrike simulacra
  6 juggernaut simulacra
  3 peacekeepers
  4 rakshasas
  2 catoblepae
  A spriggan skeleton (Pan)
  3 hell beasts
  4 ghost crabs (Geh:6)
  6 ironbound frosthearts
  2 alligator snapping turtles
  11 centaur warriors
  33 dancing weapons
  8 stokers
  3 merfolk avatars
  2 two-headed ogres
  7 deep troll shamans
  11 tengu warriors
  15 naga warriors
  7 anacondas
  7 merfolk aquamancers
  4 death yaks (Lair:5)
  4 boulder beetles
  20 demonic crawlers
  8 deep troll earth magi
  13 naga sharpshooters
  34 hell hogs
  3 thrashing horrors
  8 spriggan berserkers
  6 shock serpents
  9 orc high priests (Orc:2)
  4 wretched stars (Abyss:4)
  44 soul eaters
  84 sun demons
  29 hell knights
  17 deep elf knights
  A titan skeleton (Vaults:4)
  12 crystal echidnas
  15 iron trolls
  Lodul (D:14)
  48 deep trolls
  9 shadow wraiths
  20 skeletal warriors
  8 skysharks
  16 sixfirhies (Pan)
  A flayed ghost (Depths:1)
  A deep troll (shapeshifter) (D:14)
  3 quicksilver dragon simulacra
  6 naga ritualists
  A golden dragon zombie (Depths:3)
  9 glowing orange brains
  8 sea snakes
  6 shadow demons (Pan)
  An anaconda zombie (Hell)
  A kraken simulacrum (Shoals:4)
  2 spriggan simulacra
  A spectral iron dragon (Tar:1)
  5 lindwurms
  3 orc knights
  8 phantasmal warriors
  An obsidian statue (Zot:5)
  15 ironbound convokers
  An iron dragon zombie (Depths:3)
  15 deep elf archers
  17 harpies
  26 deep elf zephyrmancers
  13 necromancers
  32 deep elf pyromancers
  9 wizards
  An anaconda skeleton (Pan)
  A stone giant zombie (Vaults:4)
  13 mana vipers
  7 cyclopes
  34 ugly things
  An orc sorcerer (Orc:1)
  10 fauns
  51 large abominations
  A spectral ettin (Tar:1)
  5 tengu skeletons
  9 salamanders
  29 moths of wrath
  8 shining eyes
  A salamander (shapeshifter) (D:14)
  2 worldbinders
  12 manticores
  An iron dragon skeleton (Pan)
  5 elephants
  A spectral centaur (Tar:2)
  A fire giant skeleton (Vaults:2)
  An orc zombie (Hell)
  4 titan simulacra
  A guardian serpent (shapeshifter) (Vaults:5)
  An apocalypse crab (Abyss:1)
  An elephant (shapeshifter) (Depths:2)
  A stone giant skeleton (Vaults:2)
  3 ice statues
  16 vault sentinels
  29 black mambas
  7 guardian serpents
  6 rust devils (Hell)
  9 water nymphs
  14 merfolk sirens
  21 orange demons (Pan)
  Joseph (D:7)
  14 cane toads
  42 smoke demons
  12 naga magi
  3 rime drakes
  9 molten gargoyles
  39 hellions
  A kobold demonologist (D:11)
  8 komodo dragons
  7 spectral swamp worms (Tar:7)
  An unseen horror (D:12)
  40 yaktaurs
  11 freezing wraiths
  42 tormentors
  12 efreet
  4 spectral nagas
  2 ancient zymes
  2 tengu conjurers (Depths:1)
  3 bunyip simulacra
  7 ice devils
  3 spectral harpies
  A yaktaur skeleton (Vaults:4)
  A silent spectre (Tar:1)
  10 trolls
  3 anaconda simulacra
  3 hornets
  29 merfolk
  6 wind drakes
  4 red devils
  A golden dragon simulacrum (Coc:7)
  4 hydra zombies (Hell)
  5 meliai (Abyss:4)
  3 polar bears
  A queen bee (Abyss:4)
  6 hellwings
  32 blink frogs
  2 iron dragon simulacra (Coc:2)
  A raiju (Bailey)
  2 harpy skeletons (Pan)
  8 dream sheep
  A hydra skeleton (Hell)
  A slime creature (shapeshifter) (Elf:3)
  An alligator zombie (Hell)
  6 snapping turtles
  100 slime creatures
  A shadow (D:12)
  2 air elementals (Elf:3)
  A spriggan (Depths:3)
  22 ynoxinuls
  2 culicivoras (shapeshifter)
  3 wraiths
  2 wyverns
  4 basilisks
  An elf skeleton (Vaults:2)
  A deep troll skeleton (Vaults:2)
  6 dire elephant simulacra
  2 ettin skeletons (Vaults:2)
  5 fire bats
  2 vampires
  3 fire elementals
  16 water elementals
  31 yaks
  4 steam dragons
  9 golden eyes
  6 redbacks
  A fire bat (shapeshifter) (Depths:4)
  22 humans
  2 hogs (D:15)
  24 chaos spawn (Pan)
  10 wargs
  18 neqoxecs
  17 vampire mosquitoes
  12 harpy simulacra
  An acid dragon (D:12)
  17 water moccasins
  25 nagas
  A naga skeleton (Pan)
  2 floating eyes
  An ice beast (D:6)
  20 orc warriors
  3 ettin simulacra (Coc:1)
  5 black bears
  17 ogres
  11 wolves
  10 centaurs
  A phantom (D:5)
  4 small abominations (Abyss:1)
  2 kobold brigands
  6 bullfrogs
  A human skeleton (Vaults:2)
  A human simulacrum (Depths:3)
  A gnoll sergeant (D:9)
  A naga simulacrum (Coc:1)
  5 scorpions
  3 earth elementals
  13 wights
  22 killer bees
  5 electric eels
  A crimson imp (Abyss:2)
  4 lava snakes (Volcano)
  2 quasits (Abyss:1)
  An iron imp (Abyss:1)
  3 jellies (D:6)
  6 starcursed masses
  3 hounds
  33 orc priests
  5 iguanas
  A sleepcap (D:7)
  18 orc wizards
  13 gnolls
  4 adders
  2 white imps (D:8)
  3 ufetubi
  A worm (D:3)
  6 dart slugs
  97 orcs
  10 ball pythons
  11 endoplasms
  4 giant cockroaches
  14 goblins
  8 hobgoblins
  10 jackals
  4 quokkas
  4 bats
  4 frilled lizards
  16 kobolds
  5 rats
  5 creeping infernos
  37 fire vortices
  2 starspawn tentacles (Abyss:2)
  9 tentacles
3595 creatures vanquished.

Vanquished Creatures (collateral kills)
  2 shard shrikes
  5 caustic shrikes (Dis:3)
  A Tzitzimitl (Tar:6)
  A tentacled monstrosity (Pan)
  A Hell Sentinel (Dis:3)
  3 titans
  An Ice Fiend (Pan)
  A deep elf blademaster (Elf:3)
  An ancient champion (Dis:3)
  2 demonspawn warmongers (Pan)
  3 balrugs (Pan)
  A shard shrike simulacrum (Coc:5)
  5 cacodemons (Pan)
  2 reapers (Pan)
  4 very ugly things (Pan)
  2 demonspawn blood saints (Pan)
  An elemental wellspring (Coc:6)
  A lorocyproca (Pan)
  A demonspawn black sun (Pan)
  A putrid mouth (Tar:6)
  3 blizzard demons
  2 wendigos
  An iron golem (Dis:3)
  A spectral golden dragon (Tar:6)
  2 rakshasas (Pan)
  6 demonic crawlers (Pan)
  3 soul eaters (Pan)
  12 sun demons (Pan)
  A shock serpent (shapeshifter) (Depths:1)
  3 sixfirhies (Pan)
  A crystal echidna (Geh:6)
  A quicksilver dragon simulacrum (Coc:3)
  A shadow wraith (Pan)
  A spriggan simulacrum (Coc:5)
  A wizard (Pan)
  An ugly thing (Pan)
  A smoke demon (Pan)
  2 titan simulacra (Coc:4)
  2 hellions
  10 orange demons (Pan)
  A tormentor (Coc:4)
  2 anaconda simulacra
  An efreet (Pan)
  A catoblepas skeleton (Pan)
  2 hellwings (Pan)
  A harpy skeleton (Pan)
  7 large abominations (Pan)
  A dire elephant simulacrum (Coc:2)
  3 ynoxinuls (Pan)
  A naga simulacrum (Coc:5)
  5 golden eyes (Pan)
  7 neqoxecs (Pan)
  4 chaos spawn (Pan)
  A harpy simulacrum (Coc:3)
  A hydra simulacrum (Coc:4)
  A floating eye (Pan)
  2 ettin simulacra (Coc:4)
135 creatures vanquished.

Vanquished Creatures (others)
  A pandemonium lord (Pan)
  A hellephant (Geh:6)
  2 narguns
  2 balrugs
  2 shard shrike simulacra
  3 demonspawn blood saints (Pan)
  2 wendigos
  A hell beast (Geh:6)
  8 caustic shrike simulacra
  A stoker (Geh:6)
  A sun demon (Pan)
  A quicksilver dragon simulacrum (Coc:7)
  A spriggan simulacrum (Coc:4)
  A wizard (Vaults:4)
  A titan simulacrum (Coc:2)
  An anaconda simulacrum (Coc:3)
  2 iron giant simulacra
  2 golden dragon simulacra
  A tormentor (Geh:7)
  A stone giant simulacrum (Coc:3)
  A dire elephant simulacrum (Coc:3)
  4 humans (D:15)
  A chaos spawn (Pan)
  2 harpy simulacra
  2 ettin simulacra (Coc:7)
  An ogre (Zot:1)
  2 centaurs (D:15)
  10 ball lightnings (Pan)
  A butterfly (D:4)
  7 creeping infernos
  3 fire vortices
  A lurking horror (Abyss:4)
  6 starspawn tentacles
  10 tentacles
86 creatures vanquished.

Grand Total: 3816 creatures vanquished

Notes
Turn   | Place    | Note
-------+----------+-------------------------------------------
     0 | D:1      | olmar the Armataur Fighter began the quest for the Orb.
     0 | D:1      | Reached XP level 1. HP: 19/19 MP: 1/1
    63 | D:1      | Reached XP level 2. HP: 3/26 MP: 2/2
   508 | D:1      | Reached XP level 3. HP: 33/33 MP: 3/3
  1660 | D:3      | Reached XP level 4. HP: 40/40 MP: 4/4
  2106 | D:3      | Reached XP level 5. HP: 48/48 MP: 5/5
  2542 | D:4      | Found a white marble altar of Elyvilon.
  2640 | D:4      | Identified the +3 chain mail "Inirug" {Int+2}
  2677 | D:4      | Found a staircase to the Ecumenical Temple.
  2713 | Temple   | Entered the Ecumenical Temple
  3391 | D:4      | Reached XP level 6. HP: 54/54 MP: 6/6
  3675 | D:5      | Entered Level 5 of the Dungeon
  3729 | D:5      | Reached skill level 5 in Armour
  3837 | D:5      | Reached XP level 7. HP: 61/62 MP: 7/7
  4245 | D:5      | Reached skill level 5 in Maces & Flails
  4683 | D:6      | HP: 3/63 [poisoned by a water moccasin]
  5122 | D:6      | Reached skill level 5 in Shields
  5376 | D:6      | Reached XP level 8. HP: 65/70 MP: 8/8
  6481 | D:7      | Found Gyepnaa's One-of-a-Kind Rings.
  6727 | D:7      | Noticed Joseph
  6733 | D:7      | Killed Joseph
  6734 | D:7      | Reached XP level 9. HP: 78/78 MP: 7/9
  6774 | D:7      | Reached skill level 1 in Evocations
  6832 | D:7      | Reached skill level 5 in Fighting
  6899 | D:7      | Found Kecwicvo's Vocational Training.
  7029 | D:8      | Found Veg Kept's Jewellery Emporium.
  7052 | D:8      | Found Uridet's Jewellery Boutique.
  7101 | D:8      | Found Zeri's Jewellery Shop.
  7202 | D:8      | Found Ruhaim's Magic Scroll Shop.
  7209 | D:8      | Bought a scroll of fear for 52 gold pieces
  7209 | D:8      | Bought a scroll of noise for 13 gold pieces
  7361 | D:8      | Found a flagged portal.
  7366 | Bailey   | Entered a bailey
  7731 | Bailey   | Noticed an orc knight
  7731 | Bailey   | Noticed an orc knight
  7758 | Bailey   | Killed an orc knight
  7792 | Bailey   | an orc knight changed into a raiju
  7798 | Bailey   | Reached XP level 10. HP: 19/88 MP: 4/10
  8223 | Bailey   | Identified the +1 pair of boots "Ypsigom" {Harm rF+ rC+
                  | Will+}
  8459 | D:8      | Found a staircase to the Lair.
  8676 | D:8      | Found a shimmering altar of Xom.
  8676 | D:8      | Found a shimmering altar of Xom.
  8676 | D:8      | Found a shimmering altar of Xom.
  8677 | D:8      | Found a shimmering altar of Xom.
  8678 | D:8      | Found a shimmering altar of Xom.
  8749 | D:8      | Found a shimmering altar of Xom.
  8749 | D:8      | Noticed a cyclops
  8757 | D:8      | Killed a cyclops
  9266 | D:9      | Found a staircase to the Orcish Mines.
  9490 | D:9      | Noticed a two-headed ogre
  9939 | D:9      | Reached skill level 10 in Maces & Flails
 10362 | D:9      | Noticed a manticore
 10373 | D:9      | Killed a manticore
 10582 | D:9      | Noticed a two-headed ogre
 10591 | D:9      | Killed a two-headed ogre
 10812 | D:9      | Reached skill level 10 in Armour
 10953 | D:10     | Entered Level 10 of the Dungeon
 10970 | D:10     | Found a blossoming altar of Fedhas.
 10971 | D:10     | Found an opulent altar of Gozag.
 10972 | D:10     | Found a basalt altar of Yredelemnul.
 10972 | D:10     | Found a broken altar of Ashenzari.
 10980 | D:10     | Became a worshipper of Gozag Ym Sagoz the Greedy
 11015 | D:10     | Found Niunn's Fire Supplies.
 11021 | D:10     | Bought a scroll of immolation for 52 gold pieces
 11084 | D:10     | Reached XP level 11. HP: 92/97 MP: 11/11
 11176 | D:10     | Found Qocoag's Distillery.
 11182 | D:10     | Bought a potion of curing for 48 gold pieces
 11182 | D:10     | Bought 2 potions of enlightenment for 160 gold pieces
 11182 | D:10     | Bought a potion of heal wounds for 80 gold pieces
 11358 | D:10     | Noticed an obsidian statue
 12064 | D:11     | Noticed Sonja
 12071 | D:11     | Sonja changed into Sonja the human
 12071 | D:11     | Noticed Sonja
 12079 | Abyss:1  | Cast into level 1 of the Abyss (Sonja)
 12118 | Abyss:1  | Noticed a large abomination
 12125 | Abyss:1  | Killed a large abomination
 12191 | Abyss:1  | Noticed a great orb of eyes
 12197 | Abyss:1  | Gained mutation: You have a pair of small horns on your
                  | head. [a neqoxec]
 12217 | Abyss:1  | Killed a great orb of eyes
 12230 | Abyss:1  | Noticed a large abomination
 12234 | Abyss:1  | Killed a large abomination
 12249 | Abyss:1  | Noticed an Executioner
 12377 | Abyss:1  | Noticed a starcursed mass
 12383 | Abyss:1  | Noticed a bone dragon
 12383 | Abyss:1  | Paralysed by accursed screaming for 2 turns
 12384 | Abyss:1  | Noticed a thrashing horror
 12389 | Abyss:1  | Killed a starcursed mass
 12389 | Abyss:1  | Noticed a blizzard demon
 12389 | Abyss:1  | Paralysed by accursed screaming for 1 turns
 12401 | Abyss:1  | Killed a thrashing horror
 12407 | D:11     | Escaped the Abyss
 12413 | D:11     | Killed Sonja the human
 12495 | D:11     | Identified a scroll of acquirement
 12592 | D:11     | Acquired a staff of cold
 13150 | Lair:1   | Entered Level 1 of the Lair of Beasts
 13206 | Lair:1   | Reached XP level 12. HP: 82/108 MP: 8/12
 14827 | Lair:2   | Found a staircase to the Shoals.
 15138 | Lair:2   | Noticed a four-headed hydra
 15146 | Lair:2   | Killed a four-headed hydra
 15963 | Lair:3   | Noticed an eight-headed hydra
 15973 | Lair:3   | Killed an eight-headed hydra
 15981 | Lair:3   | Reached XP level 13. HP: 82/117 MP: 8/13
 16132 | Lair:3   | Reached skill level 10 in Shields
 16504 | Lair:3   | Found a staircase to the Snake Pit.
 16529 | Snake:1  | Entered Level 1 of the Snake Pit
 16754 | Snake:1  | Identified the amulet "Geoman" {RegenMP rC+ Will+ Dex-5}
 17076 | Snake:1  | Found Mavvyag's Magic Scroll Boutique.
 17094 | Snake:1  | Bought a scroll of fog for 80 gold pieces
 18717 | Lair:4   | Found a viscous altar of Jiyva.
 18717 | Lair:4   | Found a staircase to the Slime Pits.
 18812 | Lair:5   | Entered Level 5 of the Lair of Beasts
 18817 | Lair:5   | Noticed a dire elephant
 18836 | Lair:4   | Killed a dire elephant
 19523 | Lair:5   | Reached skill level 10 in Fighting
 19536 | Lair:5   | Reached XP level 14. HP: 93/129 MP: 12/14
 19683 | Lair:5   | Identified the +5 trident of Cowardice {venom, *Slow Int+4}
 19741 | Lair:5   | Reached skill level 15 in Maces & Flails
 19745 | Lair:5   | Noticed Nessos
 20080 | Lair:5   | Killed Nessos
 20760 | Lair:5   | Reached skill level 15 in Armour
 21409 | Orc:1    | Entered Level 1 of the Orcish Mines
 21423 | Orc:1    | Noticed Snorg
 21458 | Orc:1    | Killed Snorg
 21701 | Orc:2    | Entered Level 2 of the Orcish Mines
 21827 | Orc:2    | Found a dark tunnel.
 21840 | Volcano  | Entered a volcano
 22087 | Volcano  | Found a bloodstained altar of Trog.
 22527 | Orc:2    | Found Akiomny's Magic Scroll Boutique.
 22527 | Orc:2    | Found Acvofuy's Antique Armour Shoppe.
 23070 | Orc:2    | Bought a scroll of poison for 64 gold pieces
 23070 | Orc:2    | Bought a scroll of teleportation for 48 gold pieces
 23070 | Orc:2    | Bought a scroll of summoning for 152 gold pieces
 23516 | Orc:2    | Found a staircase to the Elven Halls.
 23655 | Orc:2    | Found Ykulo's General Store.
 23668 | Orc:2    | Bought a scroll of enchant weapon for 120 gold pieces
 23668 | Orc:2    | Bought a potion of curing for 48 gold pieces
 23732 | Orc:2    | Found Huehoo's Armour Shoppe.
 23855 | Orc:2    | Bought the +3 Mad Mage's Maulers {Infuse+∞ VampMP -Cast}
                  | for 520 gold pieces
 23855 | Orc:2    | Found the +3 Mad Mage's Maulers {Infuse+∞ VampMP -Cast}
 24146 | D:12     | Noticed Gastronok
 24160 | D:12     | Killed Gastronok
 24359 | D:12     | Noticed Jorgrun
 24378 | D:12     | Killed Jorgrun
 24535 | D:12     | Found Dumemut's Weapon Boutique.
 24619 | D:12     | Found Byunn's Armour Shoppe.
 24626 | D:12     | Found Yguci's Antique Weapon Emporium.
 24860 | D:12     | Found Owoal's Book Shop.
 25110 | D:12     | Bought a scarf of shadows for 132 gold pieces
 25406 | D:13     | Reached XP level 15. HP: 127/139 MP: 7/15
 25711 | D:13     | Found a gate to the Vaults.
 26762 | D:14     | Noticed Lodul
 26783 | D:14     | Killed Lodul
 27666 | D:15     | Entered Level 15 of the Dungeon
 28346 | D:15     | Noticed Kirke
 28356 | D:15     | Killed Kirke
 28723 | D:15     | Found a staircase to the Depths.
 29387 | Snake:1  | HP: 7/143 [poisoned by a black mamba]
 30068 | Snake:1  | Reached XP level 16. HP: 145/150 MP: 4/16
 31356 | D:7      | Acquired the +0 barding "Ulejatud" {Str-2 Dex+4 SInv}
 31581 | Elf:1    | Entered Level 1 of the Elven Halls
 32335 | Elf:1    | Found Zeejuf's Assorted Antiques.
 32342 | Elf:1    | Bought a potion of heal wounds for 125 gold pieces
 32342 | Elf:1    | Bought a twitching platinum ring for 125 gold pieces
 32342 | Elf:1    | Identified the ring "Cobugem" {rPois AC+4} (You bought it
                  | in a shop on level 1 of the Elven Halls)
 32438 | Elf:1    | Noticed Frances
 32458 | Elf:1    | Killed Frances
 33548 | Elf:1    | You fall into a shaft and drop 1 floor!
 34396 | Elf:2    | Found a runed translucent gate.
 34397 | Elf:2    | Found a runed translucent gate.
 34397 | Elf:2    | Found a runed translucent gate.
 35013 | Elf:2    | Found Syariaf's CLEARANCE SALE!.
 35179 | Elf:1    | Reached XP level 17. HP: 147/161 MP: 5/17
 35446 | Elf:1    | Bought a scroll of teleportation for 75 gold pieces
 35566 | D:7      | Bought a +7 ring of slaying for 2071 gold pieces
 35787 | Elf:3    | Entered Level 3 of the Elven Halls
 36340 | Elf:3    | Found Texo's Jewellery Boutique.
 36353 | Elf:3    | Bought the ring of Zod Voas {rF+ rC+ Str+3} for 815 gold
                  | pieces
 37086 | Elf:3    | Noticed an Ice Fiend
 37216 | Elf:3    | Noticed a deep elf blademaster
 37242 | Elf:3    | Killed a deep elf blademaster
 37280 | Elf:3    | Identified the ring "Xezaath" {*Slow rPois rC+ rN+ Int+4}
 37281 | Elf:3    | Identified the +12 morningstar of the Two Names {protect,
                  | Str+7}
 37378 | Elf:3    | Identified the amulet "Mialowk" {Acrobat rPois}
 37671 | Elf:3    | Noticed a deep elf master archer
 37674 | Elf:3    | Identified the +7 chain mail of Pessimism {rF++}
 37674 | Elf:3    | Identified the ring of Koureiname {rElec rC+ Str+3 Int+6
                  | Stlth+}
 37674 | Elf:3    | Noticed a deep elf blademaster
 37683 | Elf:3    | Killed a deep elf blademaster
 37686 | Elf:3    | Killed a deep elf master archer
 37831 | Elf:3    | Noticed a deep elf master archer
 37839 | Elf:3    | Killed a deep elf master archer
 37873 | Elf:3    | Identified the ring "Vyejux" {Fire Str+3}
 37885 | Elf:3    | Identified the +3 rapier of Havoc {freeze, rPois rC- Str+7
                  | Int+2}
 37911 | Elf:3    | Identified the +1 spear "Noost" {heavy, rF++}
 37913 | Elf:3    | Identified the staff of Entrepreneurial Spirit {rElec rN+
                  | Str-4 Earth}
 37991 | Elf:3    | Identified the staff of the Onslaught {+Blink rElec rC+++
                  | MP+9 Int-5 Air}
 38503 | Snake:2  | You fall into a shaft and drop 1 floor!
 38537 | Snake:3  | Noticed Vashnia
 38565 | Snake:3  | Killed Vashnia
 39060 | Snake:3  | Bought a glowing barding for 780 gold pieces
 39066 | Snake:3  | Bought a scroll of fear for 144 gold pieces
 39070 | Snake:3  | Bought the +3 warlock's mirror {omnireflect} for 480 gold
                  | pieces
 39070 | Snake:3  | Found the +3 warlock's mirror {omnireflect}
 39106 | Snake:3  | Found Atifamuv's Antique Weapon Emporium.
 39118 | Snake:3  | Found Laor's Distillery.
 39151 | Snake:3  | Found Xeptirph's Book Shop.
 39395 | Snake:3  | Found Niukkul's General Store.
 39404 | Snake:3  | Found Hanurun's General Store.
 39409 | Snake:3  | Bought a potion of heal wounds for 85 gold pieces
 39411 | Snake:3  | Bought 2 potions of heal wounds for 180 gold pieces
 39411 | Snake:3  | Bought a potion of heal wounds for 90 gold pieces
 39411 | Snake:3  | Bought a potion of enlightenment for 90 gold pieces
 39600 | Snake:3  | Reached skill level 15 in Fighting
 39645 | Snake:3  | Reached XP level 18. HP: 167/174 MP: 5/18
 40475 | Snake:4  | Entered Level 4 of the Snake Pit
 41671 | Snake:4  | Noticed Asterion
 41786 | Snake:4  | Killed Asterion
 42368 | Snake:4  | Reached skill level 15 in Shields
 42604 | Snake:4  | Got a serpentine rune of Zot
 42915 | Vaults:1 | Entered Level 1 of the Vaults
 42927 | Vaults:1 | Found Ekhlot Meve's Assorted Antiques.
 44028 | Vaults:1 | Found Bimakkimi's Distillery.
 44034 | Vaults:1 | Bought a potion of curing for 45 gold pieces
 44034 | Vaults:1 | Bought a potion of heal wounds for 75 gold pieces
 44034 | Vaults:1 | Bought a potion of curing for 45 gold pieces
 44202 | Vaults:1 | Found Beunleif's Magic Scroll Boutique.
 44205 | Vaults:1 | Bought a scroll of teleportation for 48 gold pieces
 44644 | Vaults:2 | Paralysed by a sphinx for 4 turns
 44659 | Vaults:2 | Reached XP level 19. HP: 172/184 MP: 2/19
 44662 | Vaults:2 | Paralysed by a formless jellyfish for 1 turns
 45078 | Vaults:2 | Found Cuasaf's Weapon Emporium.
 45693 | Vaults:2 | Found a staircase to the Crypt.
 47122 | Vaults:3 | Found Lire's Magic Scroll Boutique.
 47132 | Vaults:3 | Bought a scroll of acquirement for 1144 gold pieces
 47132 | Vaults:3 | Acquired the +8 tower shield of Trial and Error {rPois rF+
                  | Stlth+}
 47874 | Vaults:3 | Noticed Mara
 47883 | Vaults:3 | Noticed olmar's illusion
 47885 | Vaults:3 | Killed Mara
 48725 | Vaults:4 | Reached XP level 20. HP: 166/196 MP: 6/20
 49052 | Vaults:4 | Noticed Zenata
 49059 | Vaults:4 | Killed Zenata
 50389 | Vaults:4 | Found Ydgheit's Weapon Boutique.
 50517 | Vaults:5 | Entered Level 5 of the Vaults
 50584 | Vaults:5 | Noticed a golden dragon
 50906 | Vaults:5 | Noticed a golden dragon
 50914 | Vaults:5 | Killed a golden dragon
 51247 | Vaults:5 | Acquired a manual of Shields
 51251 | Vaults:5 | Got a silver rune of Zot
 51398 | Vaults:5 | Killed a golden dragon
 51513 | Vaults:5 | Identified the +6 falchion of Qeohuata {flame, rF- rC-
                  | Str+8 Stlth+}
 51526 | Vaults:5 | Reached XP level 21. HP: 167/198 MP: 1/21
 51799 | Vaults:5 | Identified the ring of the Crown {Ice Fly rN+ Str-4 Dex+3}
 51812 | Vaults:5 | Noticed an ancient lich
 51907 | Vaults:5 | Killed an ancient lich
 51931 | Vaults:5 | Identified the +6 spear "Xotaxziu" {distort, rPois Will++
                  | MP-9 Stlth+}
 51939 | Vaults:5 | Identified the +4 broad axe of the Conjuring Weasel
                  | {protect, rF+ SInv Stlth+}
 51941 | Vaults:5 | Noticed a dread lich
 51945 | Vaults:5 | Noticed Saint Roka
 52307 | Vaults:5 | Identified the amulet "Pugh" {Spirit +Inv rN++ Will-
                  | Stlth+}
 52323 | Vaults:5 | Noticed Margery
 52338 | Vaults:5 | Killed Margery
 52700 | Vaults:5 | Killed a dread lich
 52799 | Vaults:5 | Got Vympouf's Compilation of Wildfire
 52872 | Vaults:5 | Killed Saint Roka
 53025 | Vaults:5 | Got the Omnibus of Mighty Bewitchment
 53420 | Vaults:5 | Got the Tractate on the Iceberg and Gusts
 53551 | Vaults:5 | Identified the +9 scimitar "Jemikica" {elec, Int+4}
 54036 | Shoals:1 | Entered Level 1 of the Shoals
 54044 | Lair:2   | Bought black opal-encrusted pearl dragon scales for 3312
                  | gold pieces
 54044 | Lair:2   | Identified the +8 pearl dragon scales of Purpose {rF+ rN+
                  | Int+3 Stlth+} (You bought it in a shop on level 2 of the
                  | Lair of Beasts)
 56257 | Shoals:3 | Reached XP level 22. HP: 198/219 MP: 2/22
 56739 | Shoals:4 | Entered Level 4 of the Shoals
 56870 | Shoals:4 | Noticed Donald
 56875 | Shoals:4 | Killed Donald
 57215 | Shoals:4 | Got the Verses on Flinty Envenoming
 57501 | Shoals:4 | Identified the staff "Xageury" {Fragile rPois rF++ Int+3
                  | Poison}
 57773 | Shoals:4 | Got a barnacled rune of Zot
 58358 | Depths:1 | Entered Level 1 of the Depths
 58358 | Depths:1 | Noticed Nikola
 58366 | Depths:1 | Killed Nikola
 58521 | Depths:1 | Found a transporter.
 58523 | Depths:1 | Identified the +3 great sword of Res Judicata {freeze,
                  | Drain Str+4 Dex+2 SInv}
 58524 | Depths:1 | Found a transporter.
 58655 | Depths:1 | Found a white marble altar of Elyvilon.
 59018 | Depths:1 | Found a transporter.
 59023 | Depths:1 | Found a transporter.
 59143 | Depths:1 | Found a gateway to Hell.
 59481 | Depths:1 | Found a transporter.
 59484 | Depths:1 | Found a transporter.
 60062 | Depths:2 | Found a one-way gate leading to the halls of Pandemonium.
 60132 | Depths:2 | Found a one-way gateway to a ziggurat.
 60412 | Depths:2 | Found the +4 Cigotuvi's embrace {Corpsefed rMiasma Drain
                  | rN+}
 60609 | Depths:3 | Paralysed by a floating eye for 4 turns
 60618 | Depths:3 | Paralysed by a floating eye for 2 turns
 61088 | Depths:3 | Found a one-way gate to the infinite horrors of the Abyss.
 61289 | Depths:3 | Reached XP level 23. HP: 227/230 MP: 4/23
 61571 | Depths:4 | Entered Level 4 of the Depths
 61687 | Depths:4 | Found a gate to the Realm of Zot.
 62753 | Depths:4 | Found an iron altar of Okawaru.
 63549 | Slime:1  | Entered Level 1 of the Pits of Slime
 63790 | Slime:2  | Gained mutation: You are occasionally teleported next to
                  | monsters. [a shining eye]
 64735 | Slime:5  | Entered Level 5 of the Pits of Slime
 64738 | Slime:5  | Gained mutation: You are clumsy. (Dex -2) [a shining eye]
 64796 | Slime:5  | Noticed the Royal Jelly
 64842 | Slime:5  | Killed the Royal Jelly
 65015 | Slime:5  | Found the amulet of the Four Winds {rN+ Will+++ Clar}
 65100 | Slime:5  | Gained mutation: Your magical capacity is low. (-10% MP) [a
                  | shining eye]
 65132 | Slime:5  | Found the +8 orange crystal plate armour {Archmagi, Int+3
                  | Clar}
 65134 | Slime:5  | Reached XP level 24. HP: 121/243 MP: 15/20
 65134 | Slime:5  | Reached XP level 25. HP: 125/251 MP: 15/20
 65146 | Slime:5  | Identified the +3 pair of gloves of Dubapaij {Harm Rampage
                  | +Blink Str-4}
 65365 | Slime:5  | Got a slimy rune of Zot
 65376 | Slime:5  | Identified the +4 arbalest of the Doomed Warrior {heavy,
                  | rC- Str+3 Int+4 Stlth+}
 65377 | Slime:5  | Identified the +11 long sword of the Forest {venom, Will+
                  | Str+4 Int-2}
 65393 | Slime:5  | Identified the +8 shortbow of a Thousand Seers {flame,
                  | rPois Int+3}
 65423 | Slime:5  | Identified the staff of Contumacious Honour {rF+ rCorr
                  | Fire}
 65447 | Slime:5  | Identified the +5 falchion "Sovoq" {flame, *Noise rElec
                  | rPois rF++ Stlth+}
 66279 | Zot:1    | Entered Level 1 of the Realm of Zot
 66332 | Zot:1    | Reached XP level 26. HP: 261/261 MP: 2/20
 67722 | Zot:1    | Identified the +2 scale mail of the Sky {rF+++ rC+ Dex+4
                  | Slay-2}
 68671 | Zot:2    | Lost mutation: Your magical capacity is low. (-10% MP)
                  | [potion of mutation]
 68671 | Zot:2    | Lost mutation: You are occasionally teleported next to
                  | monsters. [potion of mutation]
 68671 | Zot:2    | Lost mutation: You are clumsy. (Dex -2) [potion of
                  | mutation]
 68671 | Zot:2    | Lost mutation: You have a pair of small horns on your head.
                  | [potion of mutation]
 68671 | Zot:2    | Gained mutation: You are agile. (Dex +4, Str/Int -1)
                  | [potion of mutation]
 68671 | Zot:2    | Gained mutation: You have a beak for a mouth. [potion of
                  | mutation]
 68671 | Zot:2    | Gained mutation: You are partially covered in iridescent
                  | scales. (AC +2) [potion of mutation]
 68671 | Zot:2    | Gained mutation: You have sharp fingernails. [potion of
                  | mutation]
 68671 | Zot:2    | Gained mutation: Your flesh is heat resistant. (rF+)
                  | [potion of mutation]
 68671 | Zot:2    | Gained mutation: Your muscles are strong. (Str +4, Int/Dex
                  | -1) [potion of mutation]
 68671 | Zot:2    | Gained mutation: You are mostly covered in iridescent
                  | scales. (AC +4) [potion of mutation]
 71351 | Zot:3    | Reached skill level 5 in Evocations
 71890 | Zot:3    | Reached XP level 27. HP: 271/271 MP: 4/23
 72301 | Zot:3    | Noticed an orb of fire
 72315 | Zot:3    | Killed an orb of fire
 72316 | Zot:3    | Reached skill level 27 in Shields
 74050 | Zot:5    | Entered Level 5 of the Realm of Zot
 74710 | Zot:5    | Noticed a dread lich
 74723 | Zot:5    | Killed a dread lich
 75073 | Zot:5    | Noticed an orb of fire
 75076 | Zot:5    | Noticed an orb of fire
 75092 | Zot:5    | Reached skill level 1 in Stealth
 75099 | Zot:5    | Noticed an orb of fire
 75099 | Zot:5    | Noticed a dread lich
 75106 | Zot:5    | Noticed a dread lich
 75111 | Zot:5    | Noticed an orb of fire
 75112 | Zot:5    | Killed a dread lich
 75113 | Zot:5    | Noticed a dread lich
 75114 | Zot:5    | Noticed an ancient lich
 75120 | Zot:5    | Noticed an ancient lich
 75135 | Zot:5    | Killed an ancient lich
 75151 | Zot:5    | Killed an ancient lich
 75162 | Zot:5    | Killed a dread lich
 75237 | Zot:5    | Killed an orb of fire
 75540 | Zot:5    | Killed an orb of fire
 75904 | Zot:5    | Gained mutation: You are frail. (-10% HP) [an orb of fire]
 75907 | Zot:5    | Noticed an orb of fire
 75909 | Zot:5    | Killed an orb of fire
 75912 | Zot:5    | Killed an orb of fire
 75914 | Zot:5    | Noticed a dread lich
 75921 | Zot:5    | Killed an orb of fire
 75923 | Zot:5    | Killed a dread lich
 75937 | Zot:5    | Killed a dread lich
 76839 | Depths:3 | Voluntarily entered the Abyss.
 76921 | Abyss:1  | Gained mutation: You occasionally shout uncontrollably at
                  | your foes. [a neqoxec]
 76965 | Abyss:1  | Found an opulent altar of Gozag.
 76997 | Abyss:1  | Found an opulent altar of Gozag.
 77034 | Abyss:2  | Found a corrupted altar of Lugonu.
 77277 | Abyss:4  | Got an abyssal rune of Zot
 77282 | Abyss:4  | Reached skill level 5 in Stealth
 77363 | Depths:3 | Escaped the Abyss
 77567 | Hell     | Entered the Vestibule of Hell
 77567 | Hell     | Noticed Geryon
 77592 | Hell     | Killed Geryon
 77690 | Hell     | Found a gateway to the ashen valley of Gehenna.
 78074 | Hell     | Found a gateway to the freezing wastes of Cocytus.
 78945 | Hell     | Found a gateway to the Iron City of Dis.
 79019 | Depths:3 | Bought a distressingly furry cloak for 456 gold pieces
 79019 | Depths:3 | Identified the +0 cloak "Enoivefe" {-Cast rF+++ Regen+
                  | Str-4} (You bought it in a shop on level 3 of the Depths)
 79029 | Depths:3 | Bought a potion of heal wounds for 185 gold pieces
 79029 | Depths:3 | Bought a potion of enlightenment for 185 gold pieces
 79088 | Hell     | Found a gateway to the decaying netherworld of Tartarus.
 79184 | Tar:1    | Entered Level 1 of Tartarus
 80086 | Tar:3    | Noticed an ancient lich
 80091 | Tar:3    | Killed an ancient lich
 81145 | Tar:5    | Reached skill level 27 in Armour
 82007 | Tar:7    | Entered Level 7 of Tartarus
 83439 | Tar:7    | Reached skill level 27 in Maces & Flails
 86243 | Tar:7    | Identified the +4 short sword "Muologor" {freeze, Drain rF+
                  | Dex+2 SInv}
 88392 | Tar:7    | Identified the staff "Teadokit" {rN+ Stlth+ Necro}
 88392 | Tar:7    | Noticed Ereshkigal
 88395 | Tar:7    | Paralysed by Ereshkigal for 3 turns
 88408 | Tar:7    | Killed Ereshkigal
 88461 | Tar:7    | Got a bone rune of Zot
 88882 | Tar:7    | Identified the +4 ring mail "Pegrus" {*Corrode rN+ Dex+5}
 88888 | Tar:7    | Identified the +5 halberd of Hummir {drain, rN+}
 89113 | Dis:1    | Entered Level 1 of the Iron City of Dis
 89113 | Dis:1    | You fall into a shaft and drop 1 floor!
 90136 | Dis:3    | Noticed a dread lich
 90142 | Dis:3    | Killed a dread lich
 90176 | Dis:3    | Reached skill level 10 in Evocations
 92519 | Dis:6    | Reached skill level 10 in Stealth
 92540 | Dis:6    | Reached skill level 27 in Fighting
 93548 | Dis:7    | Entered Level 7 of the Iron City of Dis
 93903 | Dis:7    | Reached skill level 15 in Stealth
 94811 | Dis:7    | Noticed a dread lich
 94815 | Dis:7    | Killed a dread lich
 96006 | Dis:7    | Noticed a juggernaut
 96023 | Dis:7    | Killed a juggernaut
 96052 | Dis:7    | Got the Codex of Violent Reconstruction
 96616 | Dis:7    | Noticed a juggernaut
 96725 | Dis:7    | Noticed Dispater
 96726 | Dis:7    | Killed a juggernaut
 96738 | Dis:7    | Killed Dispater
 96849 | Dis:7    | Got an iron rune of Zot
 96855 | Dis:7    | Got Akkac's Octavo of Bloody Accompaniment
 97321 | Dis:7    | Noticed a juggernaut
 97703 | Dis:7    | Killed a juggernaut
 98416 | Geh:1    | Entered Level 1 of Gehenna
100516 | Geh:4    | Noticed an ancient lich
100524 | Geh:4    | Killed an ancient lich
101974 | Geh:6    | Noticed an ancient lich
101977 | Geh:6    | Killed an ancient lich
102991 | Geh:7    | Entered Level 7 of Gehenna
104252 | Geh:7    | Reached skill level 15 in Evocations
104671 | Geh:7    | Identified the +2 scale mail of the Ecumenical Temple
                  | {SInv}
104690 | Geh:7    | Identified the ring "Botymoc" {Contam rPois rC+ Will+}
104837 | Geh:7    | Found the +13 sceptre of Asmodeus
104837 | Geh:7    | Noticed Asmodeus
104909 | Geh:7    | Killed Asmodeus
104924 | Geh:7    | Got an obsidian rune of Zot
105307 | Geh:7    | Got the Anthology of the Zephyr and the Coward
105638 | Geh:7    | Identified the staff "Niwiqa" {SInv Conj}
105965 | Geh:7    | Identified the +2 scale mail "Pesysiqey" {Str+3}
106417 | Coc:1    | Entered Level 1 of Cocytus
110920 | Coc:7    | Entered Level 7 of Cocytus
110927 | Coc:7    | Paralysed by a wendigo for 1 turns
112038 | Coc:7    | Reached skill level 27 in Stealth
112199 | Coc:7    | Paralysed by a wendigo for 1 turns
112208 | Coc:7    | Paralysed by a wendigo for 1 turns
112307 | Coc:7    | Paralysed by a wendigo for 1 turns
112615 | Coc:7    | Paralysed by a wendigo for 1 turns
112778 | Coc:7    | Paralysed by a wendigo for 1 turns
113054 | Coc:7    | Noticed an ancient lich
113976 | Coc:7    | Killed an ancient lich
114177 | Coc:7    | Paralysed by a wendigo for 1 turns
114183 | Coc:7    | Noticed the Serpent of Hell
115750 | Coc:7    | Killed the Serpent of Hell
116285 | Coc:7    | Noticed Antaeus
116338 | Coc:7    | Killed Antaeus
116353 | Coc:7    | Got an icy rune of Zot
116354 | Coc:7    | Identified the +0 pair of boots of Prudence {rF+ Int+3}
116398 | Coc:7    | Identified the +1 leather armour "Legockitz" {rF+ Int+3}
116485 | Coc:7    | Identified the +5 longbow "Cujuwn" {heavy, rPois}
117096 | Pan      | Entered Pandemonium
117216 | Pan      | Noticed Faeroang the pandemonium lord
117851 | Pan      | Killed Faeroang the pandemonium lord
122160 | Pan      | Glimpsed the power of Zot.
122197 | Pan      | Noticed Caben the pandemonium lord
122201 | Pan      | Killed Caben the pandemonium lord
122207 | Pan      | HP: 5/264 [Brimstone Fiend/damnation (22)]
122679 | Pan      | Lost mutation: You are agile. (Dex +4, Str/Int -1) [a
                  | neqoxec]
123018 | Pan      | Noticed Saazoij the pandemonium lord
123018 | Pan      | Gained mutation: You frequently scream uncontrollably at
                  | your foes. [a neqoxec]
123042 | Pan      | Killed Saazoij the pandemonium lord
123245 | Pan      | Noticed Ovil the pandemonium lord
123258 | Pan      | Gained mutation: You are clumsy. (Dex -2) [a cacodemon]
123272 | Pan      | Gained mutation: You occasionally lose the ability to drink
                  | potions when taking damage. [a cacodemon]
123275 | Pan      | Killed Ovil the pandemonium lord
123276 | Pan      | Gained mutation: You are occasionally teleported next to
                  | monsters. [a cacodemon]
123431 | Pan      | Gained mutation: You have hidden genetic defects. [a
                  | cacodemon]
123438 | Pan      | Gained mutation: You occasionally lose the ability to read
                  | scrolls when taking damage. [a cacodemon]
123441 | Pan      | Gained mutation: Your magical capacity is low. (-10% MP) [a
                  | cacodemon]
123566 | Pan      | Lost mutation: You are occasionally teleported next to
                  | monsters. [potion of mutation]
123566 | Pan      | Lost mutation: You have hidden genetic defects. [potion of
                  | mutation]
123566 | Pan      | Lost mutation: Your magical capacity is low. (-10% MP)
                  | [potion of mutation]
123566 | Pan      | Lost mutation: You frequently scream uncontrollably at your
                  | foes. [potion of mutation]
123566 | Pan      | Lost mutation: Your muscles are strong. (Str +4, Int/Dex
                  | -1) [potion of mutation]
123566 | Pan      | Lost mutation: You occasionally lose the ability to drink
                  | potions when taking damage. [potion of mutation]
123566 | Pan      | Gained mutation: Your muscles are strong. (Str +4, Int/Dex
                  | -1) [potion of mutation]
123566 | Pan      | Lost mutation: You are frail. (-10% HP) [potion of
                  | mutation]
123566 | Pan      | Gained mutation: You have sharp toenails. [potion of
                  | mutation]
123807 | Pan      | Entered the realm of Gloorx Vloq.
124015 | Pan      | Reached skill level 1 in Dodging
124239 | Pan      | Noticed Gloorx Vloq
124485 | Pan      | Killed Gloorx Vloq
124500 | Pan      | Got a dark rune of Zot
124805 | Pan      | Entered the realm of Mnoleg.
125019 | Pan      | Gained mutation: Your body sometimes deteriorates upon
                  | taking damage. [a cacodemon]
125021 | Pan      | Gained mutation: You sometimes lose the ability to read
                  | scrolls when taking damage. [a cacodemon]
125032 | Pan      | Noticed Mnoleg
125065 | Pan      | Killed Mnoleg
125249 | Pan      | Identified the ring of Oletapua {rF+ rCorr MP+9}
125277 | Pan      | Got a glowing rune of Zot
125518 | Pan      | Noticed Ikkeo the pandemonium lord
125526 | Pan      | Killed Ikkeo the pandemonium lord
125584 | Pan      | Reached skill level 5 in Dodging
125587 | Pan      | Reached skill level 27 in Evocations
125969 | Pan      | Gained mutation: Your magical capacity is low. (-10% MP) [a
                  | neqoxec]
126198 | Pan      | Noticed Emoroolu the pandemonium lord
126200 | Pan      | Gained mutation: You are dopey. (Int -2) [a neqoxec]
126206 | Pan      | Killed Emoroolu the pandemonium lord
126221 | Pan      | Reached skill level 1 in Short Blades
126249 | Pan      | Identified the staff of the Evening {rF+ rC+ Str+3 Fire}
126251 | Pan      | Noticed Vour the pandemonium lord
126268 | Pan      | Killed Vour the pandemonium lord
126361 | Pan      | Reached skill level 1 in Conjurations
126395 | Pan      | Reached skill level 1 in Invocations
126398 | Pan      | Reached skill level 1 in Fire Magic
126407 | Pan      | Reached skill level 1 in Poison Magic
126777 | Pan      | Entered the realm of Lom Lobon.
126831 | Pan      | Reached skill level 1 in Earth Magic
126842 | Pan      | Reached skill level 1 in Hexes
126877 | Pan      | Reached skill level 1 in Necromancy
127163 | Pan      | Noticed Lom Lobon
127254 | Pan      | Killed Lom Lobon
127255 | Pan      | Reached skill level 1 in Polearms
127255 | Pan      | Reached skill level 1 in Staves
127255 | Pan      | Reached skill level 1 in Unarmed Combat
127255 | Pan      | Reached skill level 1 in Translocations
127261 | Pan      | Got a magical rune of Zot
127349 | Pan      | Reached skill level 1 in Air Magic
127436 | Pan      | Reached skill level 1 in Long Blades
127439 | Pan      | Reached skill level 1 in Transmutations
127480 | Pan      | Found an exit through the horrors of the Abyss.
127699 | Pan      | Reached skill level 1 in Spellcasting
127792 | Pan      | Reached skill level 1 in Ice Magic
127803 | Pan      | Reached skill level 1 in Axes
128239 | Pan      | Reached skill level 1 in Summonings
128765 | Pan      | Reached skill level 1 in Ranged Weapons
128807 | Pan      | Noticed Kabar the pandemonium lord
128816 | Pan      | Killed Kabar the pandemonium lord
128884 | Pan      | Lost mutation: You sometimes lose the ability to read
                  | scrolls when taking damage. [a cacodemon]
129170 | Pan      | Gained mutation: You are frail. (-10% HP) [a neqoxec]
129171 | Pan      | Identified the +8 spear of Nudanose {venom, Dex+3}
129177 | Pan      | Noticed Daxkeorgh the pandemonium lord
129185 | Pan      | Reached skill level 10 in Dodging
129194 | Pan      | Killed Daxkeorgh the pandemonium lord
129908 | Pan      | Entered the realm of Cerebov.
129910 | Pan      | Found an exit through the horrors of the Abyss.
130391 | Pan      | Identified the +8 hand axe of War {heavy, rElec Str+2}
130406 | Pan      | Found the +6 sword of Cerebov {flame}
130406 | Pan      | Noticed Cerebov
131149 | Pan      | Slain by Cerebov

Illustrated notes

Levels and vault maps discovered:
D:1:      lightli_arrival_quake, layout_loops_ring, serial_forest,
          infiniplex_forest_end_2, infiniplex_forest_clump_tiny,
          infiniplex_forest_clump_tiny, infiniplex_forest_clump_curved,
          infiniplex_forest_end_2, infiniplex_forest_corner_2
D:2:      layout_loops_ring, minmay_pentomino_p4
D:3:      layout_rooms
D:4:      minmay_general_purpose_star, layout_basic,
          nicolae_elyvilon_peaceful_grove, temple_fountains
D:5:      layout_loops_cross
D:6:      layout_basic
D:7:      black_bear_nest_2, layout_gridville, nicolae_shop_unique_rings,
          nicolae_shop_vocational, uniq_joseph
D:8:      layout_basic, xom_shifter_show, grunt_lair_entry_orc_guard_hut,
          serial_shops, shop, nicolae_lakefront_shop, shop,
          nicolae_shop_rolling_square, enter_bailey_3
D:9:      layout_loops_corners, erik_orc_4
D:10:     layout_basic, chequers_temple_overflow_statue_of_worship,
          minivault_15, nicolae_stop_n_shop_2, nicolae_shop_fire_sale
          [nicolae_sub_dead_trees], chequers_serial_rivers_small_a
D:11:     layout_long_grid, kennysheep_generic_room_4, uniq_sonja
D:12:     layout_roguey, serial_shops, nicolae_shop_stone, shop,
          nicolae_shop_tiny_waterfront,
          nicolae_shop_temple_entry_statues_fountains, kennysheep_windowed_goal,
          uniq_gastronok, uniq_jorgrun
D:13:     layout_roguey, grunt_vaults_entry_tiered
D:14:     minmay_the_grid_four_pointed_star_mashed
          [minmay_the_grid_triangle_9x9_wacky_v,
          minmay_the_grid_triangle_9x9_impossible_snake,
          minmay_the_grid_triangle_9x9_descending_squares,
          minmay_the_grid_triangle_9x9_limited_checkers,
          minmay_the_grid_prize_inner_circle], layout_stronghold, minivault_19,
          uniq_lodul
D:15:     grunt_enter_depths_hoard, layout_cave_pools, grunt_decor_resistance,
          minmay_misc_feat_more_columns, minivault_26, uniq_kirke
Temple:   eino_temple_scatter_basement
Lair:1:   layout_gridlike, grunt_megastairs_2, lemuel_fruit_tree,
          serial_bayou_shore_b
Lair:2:   layout_hall_layers, elwin_shoals_entry_stream, st_stairs_5
Lair:3:   layout_gridlike, minmay_snake_entry_guardpost_medium
Lair:4:   layout_big_grid, dpeg_slime_entry_enclosed
Lair:5:   gammafunk_lair_ancient_temple, layout_long_grid, serial_forest,
          infiniplex_forest_lined_3, infiniplex_forest_end_1,
          infiniplex_forest_lined_1, infiniplex_forest_lined_3_way,
          infiniplex_forest_clump_large, infiniplex_forest_straight_4,
          infiniplex_forest_zigzag_1, serial_bayou_crossing, uniq_nessos
Shoals:1: layout_shoals, nicolae_shoals_aquamancer_cove
Shoals:2: layout_shoals, nicolae_splish_splash
Shoals:3: layout_shoals, nicolae_shoals_isolated_beach
Shoals:4: shoals_end_grunt_ice, layout_shoals, uniq_donald
Snake:1:  layout_layer_cave, minmay_shop_star, serial_bayou_shore_b
Snake:2:  layout_gridlike, minmay_shoptagon
Snake:3:  nrook_guardian_serpent_snake_passage, layout_onion,
          nicolae_wooded_promenade, nicolae_snake_ghostly_warrior_ritual,
          serial_bayou_shore_b, uniq_vashnia
Snake:4:  hellmonk_snake_rune_quicksilver_temple, layout_layer_cave,
          uniq_asterion
Slime:1:  layout_caves, basic_altar
Slime:2:  layout_caves
Slime:3:  layout_caves
Slime:4:  layout_caves
Slime:5
Orc:1:    layout_diamond_mine, uniq_snorg
Orc:2:    st_orc_town, layout_diamond_mine, nicolae_volcano_entry_batcave,
          statue_in_the_mist_lemuel
Elf:1:    minmay_slanted_spiral_squares, layout_loops_corners, serial_aquarium,
          aquarium_bridge_square [aquarium_subvault_window,
          aquarium_subvault_window, aquarium_subvault_bridge,
          aquarium_subvault_wall], aquarium_bridge_square
          [aquarium_subvault_window, aquarium_subvault_window,
          aquarium_subvault_bridge, aquarium_subvault_wall], aquarium_window_1,
          aquarium_window_corner, aquarium_window_2, aquarium_view_2c,
          aquarium_view_2c, aquarium_pool_2, serial_shops, shop, uniq_frances
Elf:2:    nicolae_elf_blades_crystal_corner, layout_geoelf_diagonals,
          nicolae_shop_clearance
Elf:3:    elf_hall_gauntlet_wide, layout_gridlike, serial_shops, shop
Vaults:1: hangedman_vaults_stagger, hangedman_vaults_river_flow, v_pattern_4,
          nicolae_vaults_rhombus_6, kb_rosetta, v_alt_pattern_2, v_misc_19,
          vaults_dpeg_encased_lava, hangedman_vaults_maws, vaults_room_boxed,
          vaults_room_stairs_pillars, nicolae_vaults_tetromino_Z_1,
          layout_vaults_ring, serial_shops, shop, nicolae_shop_rolled_up,
          nicolae_shop_rolling_square
Vaults:2: v_alt_pattern_4, nicolae_vaults_branching_niches,
          vaults_room_grunt_arrival_checkpoint,
          minmay_crypt_entry_skeletal_spiral, ontoclasm_vaults_ring_large,
          nicolae_vaults_layer_cake_slice, nicolae_vaults_trapezoid_2,
          vaults_room_fancy_cross, v_misc_11, vaults_standard_mumra_x,
          layout_vaults_maze, serial_shops, shop
Vaults:3: nicolae_vaults_turnstiles, hangedman_vaults_stream, v_misc_5,
          nicolae_vaults_sesquioval_fish, v_misc_33,
          nicolae_vaults_closet_pinwheel_5, vaults_room_door_ring,
          layout_vaults_omnigrid, serial_shops, shop, uniq_mara
Vaults:4: nicolae_vaults_network_periphery, nicolae_vaults_wine_cellar,
          nicolae_vaults_triangles, nicolae_vaults_hallways_thing,
          nicolae_vaults_apartment_1, v_misc_8,
          nicolae_vaults_taking_the_gang_shopping, nicolae_vaults_mitosis,
          nicolae_vaults_tetromino_T_2, ontoclasm_vaults_loading_screen,
          nicolae_vaults_double_plus_1, nicolae_vaults_border_crossing,
          nicolae_vaults_trapezoid_3, layout_vaults_omnicross, uniq_zenata
Vaults:5: serial_shops, uniq_margery, uniq_saint_roka
Depths:1: layout_forbidden_donut, hangedman_geh_valley, lemuel_tele_altar,
          st_stairs_12, serial_sigils_hangedman_etch, minivault_14,
          serial_nicolae_subway, nicolae_sub_station_stone,
          nicolae_sub_station_crystal, nicolae_sub_station_metal, uniq_nikola
Depths:2: grated_community_mu [grated_community_mu_vampire_home,
          grated_community_mu_giant_home, grated_community_mu_spellcaster_home,
          grated_community_mu_orcish_home, grated_community_mu_troll_home,
          grated_community_mu_taur_home, grated_community_mu_unbuilt_plot],
          layout_gridville, enter_ziggurat_a, hell_entry,
          rand_demon_pan_entry_1, minmay_staircase_statues
Depths:3: minmay_bubble_buster, layout_cave_pools, hangedman_coc_ice_floe,
          abyss_entry_crystal
Depths:4: grunt_zot_entry_tricorne, layout_long_grid, grunt_hell_horde,
          chequers_serial_rivers_micro_e, nrook_loot_triangle,
          okawaru_altar_gauntlet_db, serial_bayou_shore_b
Hell
Dis:1:    layout_gridville
Dis:2:    layout_overlapping_boxes, nicolae_dis_spooky_hallway
Dis:3:    layout_regular_city
Dis:4:    layout_jigsaw
Dis:5:    layout_regular_city
Dis:6:    layout_gridville
Dis:7:    dis_hangedman
Geh:1:    layout_gehenna_lava_caves
Geh:2:    layout_gehenna_pools_box
Geh:3:    layout_gehenna_lava_caves
Geh:4:    layout_gehenna_pools_box
Geh:5:    layout_gehenna_lava_caves
Geh:6:    nicolae_geh_tyrants_menagerie, layout_gehenna_pools_box
Geh:7:    geh_grunt
Coc:1:    layout_cocytus_delve
Coc:2:    layout_cocytus_water_paths
Coc:3:    layout_cocytus_delve
Coc:4:    layout_cocytus_delve, serial_ice, serial_ice_b
Coc:5:    layout_ice_bergs, nicolae_hells_seeping_fissure
Coc:6:    layout_ice_bergs
Coc:7:    coc_grunt_cove [coc_grunt_cove_antaeus, coc_grunt_cove_fiend,
          coc_grunt_cove_fiend, coc_grunt_cove_fiend, coc_grunt_cove_fiend]
Tar:1:    layout_cathedral_of_symmetry, nicolae_tar_cuneiform_heaven
Tar:2:    layout_grid_maze
Tar:3:    layout_grid_maze
Tar:4:    layout_honeycomb
Tar:5:    layout_cathedral_of_symmetry
Tar:6:    layout_grid_maze
Tar:7:    tar_minmay_river
Zot:1:    lemuel_halls_of_wrath, layout_basic, grunt_megastairs_5
Zot:2:    layout_concentric_octagons, st_stairs_4
Zot:3:    layout_basic, hangedman_hellfire_club
Zot:4:    layout_basic
Zot:5:    layout_basic
Pan:      evilmike_mini_pan_doors, layout_basic, nicolae_the_louvre,
          nicolae_pan_diamonds, layout_cellular_growth,
          evilmike_mini_pan_corner, layout_small_grid, pan_blood_fountain_small,
          nicolae_pan_cerebovesque_2, rand_demon_2, layout_chambers,
          gloorx_vloq_grunt, layout_rooms, pan_blood_fountain_small,
          nicolae_pan_sigil_obb, mnoleg_grunt_wretched_star, layout_small_grid,
          grunt_pan_zigzag, layout_stronghold, pan_blood_fountain_2,
          evilmike_mini_pan_doors_b, layout_rooms, evilmike_mini_pan_pillars_b,
          layout_basic, lom_lobon, layout_irregular_city,
          evilmike_mini_pan_pillars, layout_basic, nicolae_pan_gloorx_vloqian_3,
          grunt_pan_pentagram, layout_grid_shapes, nicolae_pan_glass_arcs,
          layout_basic, grunt_pan_sceptre, layout_pan_divisions_b
          [pan_division_quadrant_b1, pan_division_quadrant_b4,
          pan_division_quadrant_b1, pan_division_quadrant_b5],
          pan_blood_fountain_small, evilmike_cerebov_lava, layout_long_grid

Skill      XL: |  1  2  3  4  5  6  7  8  9 10 11 12 13 14 15 16 17 18 19 20 21 22 23 24 25 26 27 |
---------------+----------------------------------------------------------------------------------+-----
Maces & Flails | 2 3 4 5 7 9 10 12 13 14 16 17 18 19 20 21 23 24 27 | 27.0
Fighting       | 3 4 5 6 7 8 10 11 12 13 15 16 17 18 19 21 22 27 | 27.0
Armour         | 4 5 6 7 8 10 11 13 14 15 17 19 20 21 22 23 24 27 | 27.0
Shields        | 4 5 7 8 9 11 12 13 14 15 16 18 22 23 25 26 27 | 27.0
Evocations     | 1 2 3 4 5 27 | 27.0
Stealth        | 27 | 27.0
Dodging        | 11 | 11.4
Short Blades   | 2 |  2.7
Conjurations   | 1 |  1.8
Invocations    | 3 |  3.0
Fire Magic     | 1 |  1.8
Poison Magic   | 2 |  2.2
Earth Magic    | 2 |  2.0
Hexes          | 2 |  2.4
Necromancy     | 1 |  1.6
Polearms       | 1 |  1.5
Staves         | 1 |  1.7
Unarmed Combat | 1 |  1.9
Translocations | 1 |  1.9
Air Magic      | 1 |  1.9
Long Blades    | 1 |  1.7
Transmutations | 2 |  2.1
Spellcasting   | 1 |  1.5
Ice Magic      | 2 |  2.0
Axes           | 1 |  1.5
Summonings     | 1 |  1.8
Ranged Weapons | 1 |  1.5

Action                     |  1- 3 |  4- 6 |  7- 9 | 10-12 | 13-15 | 16-18 | 19-21 | 22-24 | 25-27 || total
---------------------------+-------+-------+-------+-------+-------+-------+-------+-------+-------++-------
  Melee: Flail             |   134 |   231 |   215 |       |       |       |       |       |       ||   580
         Tailslap          |    15 |    24 |    41 |   136 |   229 |   126 |   260 |   199 |  1121 ||  2151
         Morningstar       |       |       |   173 |   859 |   721 |   440 |  1137 |   956 |  2528 ||  6814
         Headbutt          |       |       |       |   118 |   267 |   156 |   325 |   270 |   110 ||  1246
         Eveningstar       |       |       |       |       |   572 |   431 |       |       |  2198 ||  3201
         Peck              |       |       |       |       |       |       |       |       |  1401 ||  1401
  Throw: Dart              |       |       |    14 |       |    18 |     3 |       |       |     2 ||    37
         Boomerang         |       |       |     3 |       |     8 |       |       |       |       ||    11
         Throwing net      |       |       |       |       |       |       |       |       |     4 ||     4
 Invoke: Call Merchant     |       |       |       |       |       |     3 |     2 |       |     5 ||    10
         Potion Petition   |       |       |       |       |       |       |       |       |    18 ||    18
  Evoke: Wand              |       |       |    19 |     8 |    11 |    12 |    11 |     7 |   162 ||   230
         Phantom mirror    |       |       |       |       |       |       |     1 |     1 |     3 ||     5
         Lightning rod     |       |       |       |       |       |       |       |     2 |     4 ||     6
         Horn of Geryon    |       |       |       |       |       |       |       |       |     5 ||     5
    Use: Potion            |     1 |     1 |     4 |     6 |    11 |     1 |    12 |     7 |    39 ||    82
         Scroll            |       |     3 |     5 |     6 |     8 |    19 |    12 |     4 |    35 ||    92
   Stab: Paralysed         |       |       |     5 |       |     7 |       |       |       |       ||    12
         Distracted        |       |       |       |     2 |    11 |     4 |     4 |    10 |   122 ||   153
         Petrified         |       |       |       |       |     7 |       |       |       |       ||     7
         Sleeping          |       |       |       |       |       |       |       |       |    17 ||    17
         Invisible         |       |       |       |       |       |       |       |       |     8 ||     8
         Held in net/web   |       |       |       |       |       |       |       |       |     3 ||     3
 Armour: Scale mail        |    66 |   113 |    28 |       |       |       |       |       |       ||   207
         Skin              |       |    11 |   224 |       |       |       |       |       |       ||   235
         Chain mail        |       |       |   245 |     8 |       |       |       |       |       ||   253
         Gold dragon scale |       |       |       |   762 |  1074 |   468 |   471 |   427 |  1748 ||  4950
  Dodge: Dodged            |    55 |    87 |   165 |   143 |   149 |    57 |    54 |    51 |   277 ||  1038
  Block: Buckler           |    21 |    45 |   150 |   285 |   392 |   165 |   109 |       |       ||  1167
         Kite shield       |       |       |       |       |       |   106 |       |       |       ||   106
         Reflection        |       |       |       |       |       |    34 |    13 |       |       ||    47
         Tower shield      |       |       |       |       |       |       |   768 |   814 |  4506 ||  6088

Table legend: (Time is in decaauts)
 A = Elapsed time spent in this place.
 B = Non-inter-level travel time spent in this place.
 C = Inter-level travel time spent in this place.
 D = Time resting spent in this place.
 E = Time spent auto-exploring this place.
 F = Levels seen in this place.
 G = Mean time per level.
                   A        B        C        D        E       F      G
               +--------+--------+--------+--------+--------+-----+--------+
         Total | 128859 | 122915 |   5944 |  31606 |  67187 | 104 | 1239.0 |
       Dungeon |  17898 |  15815 |   2083 |   2427 |  10425 |  15 | 1193.2 |
        Temple |    199 |    181 |     18 |      0 |    166 |   1 |  199.0 |
          Lair |   8031 |   7359 |    672 |   1460 |   4705 |   5 | 1606.2 |
        Shoals |   3947 |   3781 |    166 |     76 |   3047 |   4 |  986.8 |
     Snake Pit |   6959 |   6691 |    268 |   1668 |   4072 |   4 | 1739.8 |
    Slime Pits |   2316 |   2244 |     72 |    132 |   1440 |   5 |  463.2 |
  Orcish Mines |   2152 |   1918 |    234 |    128 |   1306 |   2 | 1076.0 |
   Elven Halls |   6317 |   6001 |    316 |   1623 |   3338 |   3 | 2105.7 |
        Vaults |  10651 |  10238 |    413 |    845 |   7545 |   5 | 2130.2 |
        Depths |   5309 |   4878 |    431 |    401 |   3613 |   4 | 1327.2 |
          Hell |   1839 |   1660 |    179 |    316 |    731 |   1 | 1839.0 |
           Dis |   8957 |   8806 |    151 |   3738 |   3805 |   7 | 1279.6 |
       Gehenna |   7766 |   7573 |    193 |   1390 |   5024 |   7 | 1109.4 |
       Cocytus |  10421 |  10095 |    326 |   5591 |   2688 |   7 | 1488.7 |
      Tartarus |   9806 |   9595 |    211 |   5018 |   3495 |   7 | 1400.9 |
           Zot |  10238 |  10033 |    205 |   1784 |   6988 |   5 | 2047.6 |
         Abyss |    818 |    818 |      0 |     63 |    312 |   5 |  163.6 |
   Pandemonium |  13634 |  13634 |      0 |   4172 |   4234 |  15 |  908.9 |
        Bailey |   1020 |   1020 |      0 |    545 |    252 |   1 | 1020.0 |
       Volcano |    572 |    572 |      0 |    226 |      0 |   1 |  572.0 |
               +--------+--------+--------+--------+--------+-----+--------+

Top non-repeatable levels by time:
   Tar:7: 7016 daAuts
   Coc:7: 6003 daAuts
   Dis:7: 4642 daAuts
   Geh:7: 3261 daAuts
Vaults:5: 3074 daAuts
 Snake:1: 2633 daAuts
   Zot:5: 2512 daAuts
   Zot:3: 2394 daAuts
   Elf:1: 2363 daAuts
     D:9: 2317 daAuts
   Elf:3: 2261 daAuts
   Zot:1: 2237 daAuts
 Snake:4: 2154 daAuts
Vaults:3: 2150 daAuts
 Snake:3: 1954 daAuts
